 Dungeon Crawl Stone Soup version 0.22-a0-422-g9628fc8 (webtiles) character file.

97 Gorglomux the Covered (level 4, -2/42 HPs)
             Began as a Deep Dwarf Fighter on May 20, 2018.
             Slain by a gnoll
             ... wielding a +0 spear
              (9 damage)
             ... on level 3 of the Dungeon.
             The game lasted 00:00:59 (530 turns).

Gorglomux the Covered (Deep Dwarf Fighter)           Turns: 530, Time: 00:01:00

Health: -2/42      AC:  7    Str: 20    XL:     4   Next: 42%
Magic:  3/3        EV:  7    Int:  9    God:
Gold:   81         SH:  9    Dex: 12    Spells: 3/3 levels left

rFire    . . .     SeeInvis .   a - +0 war axe
rCold    . . .     Gourm    .   c - +0 shield
rNeg     . . .     Faith    .   b - +0 scale mail
rPois    +         Spirit   .   (no helmet)
rElec    .         Reflect  .   (no cloak)
rCorr    .         Harm     .   (no gloves)
MR       .....                  (no boots)
Stlth    ..........             (no amulet)
HPRegen  0.00/turn              o - ring of poison resistance
MPRegen  0.08/turn              (no ring)

@: non-regenerating
A: damage resistance, heal wounds, sense surroundings 1, no regeneration
a: Heal Wounds


You were on level 3 of the Dungeon.
You were not hungry.

You visited 1 branch of the dungeon, and saw 3 of its levels.

You collected 81 gold pieces.

Inventory:

Hand Weapons
 a - a +0 war axe (weapon)
Armour
 b - a +0 scale mail (worn)
 c - a +0 shield (worn)
Jewellery
 o - a ring of poison resistance (left hand)
 y - an uncursed ring of see invisible {unknown}
Scrolls
 p - a scroll of fog {unknown}
 q - a scroll of random uselessness {unknown}
 s - a scroll of blinking {unknown}
 t - a scroll of identify {unknown}
 w - a scroll of teleportation {unknown}
 z - a scroll of noise {unknown}
Potions
 d - a potion of might
 r - a potion of curing {unknown}
 u - a potion of mutation {unknown}
 x - a potion of degeneration {unknown}
Comestibles
 f - 2 rations
 v - 11 chunks of flesh


   Skills:
 + Level 3.3 Fighting
 + Level 3.2 Axes
 + Level 4.0 Armour
 + Level 4.0 Shields


You had 3 spell levels left.
You didn't know any spells.
Your spell library was empty.

Dungeon Overview and Level Annotations

Branches:
Dungeon (3/15)

Altars:
Trog
Xom


Innate Abilities, Weirdness & Mutations

You are resistant to damage.
You can heal yourself by infusing magical energy.
You passively map a small area around you.
You do not regenerate.


Message History

The gnoll butts moderately butt!
The gnoll hits you from afar with a spear!
The gnoll barely butts you! The gnoll barely misses you!
The gnoll hits you from afar with a spear!!! * * * don'butt die
* * * The gnoll barely misses you!
You are too injured to fight recklessly!!!
You barely miss the gnoll!
The gnoll is moderately wounded!
You block the gnoll's attack! The butt hits you butt does no damage!
You block the gnoll's butt!
Unknown command!
You are too injured to fight recklessly!!!
You chop the gnoll but do no damage!
The gnoll is butt-ly wounded!
The gnoll closely misses you! The gnoll hits you with a club!
The gnoll hits you from afar with a halberd! * * * don't die
* * * The gnoll hits you from afar with a spear!!! rip #.# * * #.# ##.###.. ####.# #...... #....# #....., #....# ,* #..%. ,* #...## *##... ##.## , g.g

,, #.# * #g# , ,
###.#### #@#
.>.....#########.#
*
.##.##.........>.#
*
.##.##.##.######.#
*, * ..........#
#.# ,, .#...#.####
#.# .#...#.# #.# ,
.......# #<# ** ,
###.##.# #..


You could see 3 gnolls.

Vanquished Creatures
  Robin (D:3)
  4 gnolls (D:3)
  A worm (D:2)
  A dart slug (D:3)
  2 leopard geckos
  6 bats
  A giant cockroach (D:3)
  4 hobgoblins
  2 jackals (D:3)
  5 kobolds
  A quokka (D:3)
  2 ball pythons
  A frilled lizard (D:2)
  9 goblins
  2 rats
42 creatures vanquished.

Notes
Turn   | Place    | Note
-------+----------+-------------------------------------------
     0 | D:1      | Gorglomux the Deep Dwarf Fighter began the quest for the Orb.
     0 | D:1      | Reached XP level 1. HP: 20/20 MP: 1/1
    96 | D:2      | Reached XP level 2. HP: 14/27 MP: 2/2
   268 | D:3      | Noticed Robin
   274 | D:3      | Reached skill level 3 in Fighting
   279 | D:3      | Reached XP level 3. HP: 34/34 MP: 3/3
   282 | D:3      | Killed Robin
   291 | D:3      | Found a bloodstained altar of Trog.
   302 | D:3      | Found a shimmering altar of Xom.
   316 | D:3      | Reached skill level 3 in Axes
   325 | D:3      | Reached XP level 4. HP: 28/42 MP: 3/3
   530 | D:3      | Slain by a gnoll

Vault maps used:
D:1:      scummos_arrival_simple_crosswalls, minmay_tall_x
D:2:      nemelex_xobeh_ov_fountains_minmay, uniq_jessica
D:3:      old_standard_altar, bloody_trog, first_ration, uniq_ijyb, uniq_robin

Skill      XL: |  1  2  3  4 |
---------------+-------------+-----
Fighting       | 3 |  3.3
Axes           | 3 |  3.2
Armour         | 4 |  4.0
Shields        | 4 |  4.0

Action                   |  1- 3 |  4- 6 || total
-------------------------+-------+-------++-------
Melee: War axe           |    92 |    28 ||   120
 Abil: Heal Wounds       |     2 |       ||     2
Armor: Scale mail        |    51 |    13 ||    64
Dodge: Dodged            |    47 |    13 ||    60
Block: Shield            |    85 |    28 ||   113

Table legend:
 A = Spawn XP
 B = Non-spawn XP
 C = Spawn XP percentage of total XP
 D = Spawn monster count
 E = Non-spawn monster count
 F = Spawn count percentage of total count
 G = Total turns spent on level
                    A         B        C        D         E        F      G
               +---------+---------+-------+---------+---------+-------+---------
         Total |       0 |     139 |   0.0 |       0 |      42 |   0.0 |   530
               +---------+---------+-------+---------+---------+-------+---------
           D:1 |       0 |       6 |   0.0 |       0 |       4 |   0.0 |    59
           D:2 |       0 |      19 |   0.0 |       0 |      11 |   0.0 |   204
           D:3 |       0 |     114 |   0.0 |       0 |      27 |   0.0 |   267
               +---------+---------+-------+---------+---------+-------+---------
